 Dungeon Crawl Stone Soup version 0.22-a0-254-gaf95ca0 (webtiles) character file.

64 nikopol the Firebug (level 3, -3/19 HPs)
             Began as a Deep Elf Fire Elementalist on Mar 3, 2018.
             Slain by Sigmund
             ... wielding a +0 scythe
              (10 damage)
             ... on level 2 of the Dungeon on Mar 4, 2018.
             The game lasted 00:06:11 (1524 turns).

nikopol the Firebug (Deep Elf Fire Elementalist)    Turns: 1524, Time: 00:06:13

Health: -3/19      AC:  2    Str:  5    XL:     3   Next: 91%
Magic:  2/10       EV: 13    Int: 20    God:
Gold:   14         SH:  0    Dex: 15    Spells: 3/9 levels left

rFire    . . .     SeeInvis .   i - +0 short sword (drain)
rCold    . . .     Gourm    .   (no shield)
rNeg     . . .     Faith    .   a - +0 robe
rPois    .         Spirit   .   (no helmet)
rElec    .         Reflect  .   (no cloak)
rCorr    .         Harm     .   (no gloves)
MR       .....                  (no boots)
Stlth    +.........             (no amulet)
HPRegen  0.06/turn              (no ring)
MPRegen  0.12/turn              (no ring)

@: confused
A: no striking features
a: no special abilities


You were on level 2 of the Dungeon.
You were not hungry.

You visited 1 branch of the dungeon, and saw 2 of its levels.

You collected 14 gold pieces.

Inventory:

Hand Weapons
 i - a +0 short sword of draining (weapon)
Armour
 a - a +0 robe (worn)
Jewellery
 e - a cursed ring of teleportation {unknown}
 g - a +6 ring of evasion {unknown}
 j - an uncursed ring of protection from cold {unknown}
Scrolls
 d - a scroll of enchant weapon {unknown}
 k - a scroll of identify {unknown}
Potions
 b - a potion of degeneration {unknown}
 h - a potion of resistance {unknown}
Comestibles
 c - 2 rations
 f - a chunk of flesh


   Skills:
 + Level 2.9 Dodging
 + Level 3.0 Stealth
 + Level 3.8 Spellcasting
 + Level 1.8 Conjurations
 + Level 4.1 Fire Magic


You had 3 spell levels left.
You knew the following spells:

 Your Spells              Type           Power        Failure   Level  Hunger
a - Flame Tongue          Conj/Fire      ###..        3%          1    None
b - Throw Flame           Conj/Fire      ###...       6%          2    ##.....
c - Conjure Flame         Conj/Fire      ###.....     12%         3    ###....


Dungeon Overview and Level Annotations

Branches:
Dungeon (2/15)

Altars:

Annotations:
D:2 Sigmund


Message History

Casting: Flame Tongue (safe; 3% risk of failure)
Confirm with . or Enter, or press ? or * to list all spells.
Aiming: Flame Tongue (safe; 3% risk of failure)
Press: ? - help, Shift-Dir - straight line, f/p - Sigmund
Aim: Sigmund, wielding a scythe and wearing a robe (heavily wounded)
The flame tongue hits Sigmund.
Sigmund is heavily wounded.
Sigmund gestures at you while chanting.
You are confused.
You bump into the rock wall.
Sigmund casts a spell at you. You resist with some effort.
You bump into the rock wall.
You feel less confused.
Sigmund points at you and mumbles some strange words.
You are confused.
You bump into the rock wall.
Sigmund hits you from afar with a scythe!
Ouch! That really hurt!
You die...

.@ ####.## K. ####....#. .###
#.......... ).# #..#........
#@# ..##.......( ######†#
..##......... #....#(#
#.##..........
#......#########..##..........
#..........@.@.............>(#
#......#########.#..........(#
#####..(# .. ...#.........#
#.#.# ##.# .###.........#
#.#.# #..# .# #......)..#
#.#.# #.# .# #.....÷....
#...###.###.## #......÷..#
##..........# ##.........#
#.......######.........##


You could see Sigmund.

Vanquished Creatures
  3 adders (D:2)
  A leopard gecko (D:2)
  2 giant cockroaches
  4 goblins
  5 hobgoblins
  3 jackals (D:2)
  3 kobolds
  A quokka (D:2)
  3 bats (D:1)
  5 frilled lizards
  3 rats
33 creatures vanquished.

Notes
Turn   | Place    | Note
-------+----------+-------------------------------------------
     0 | D:1      | nikopol the Deep Elf Fire Elementalist began the quest for the Orb.
     0 | D:1      | Reached XP level 1. HP: 10/10 MP: 6/6
    99 | D:1      | Upgraded the game from 0.22-a0-253-gf9d0ce5 to 0.22-a0-254-gaf95ca0
   393 | D:1      | Reached XP level 2. HP: 15/15 MP: 6/8
   419 | D:1      | Learned a level 2 spell: Throw Flame
   847 | D:2      | Reached XP level 3. HP: 19/19 MP: 6/9
   852 | D:2      | Learned a level 3 spell: Conjure Flame
  1151 | D:2      | Reached skill level 4 in Fire Magic
  1501 | D:2      | Noticed Sigmund
  1524 | D:2      | Slain by Sigmund

Vault maps used:
D:1:      minmay_arrival_plants_in_alcoves, corexii_hall_statues_x,
          feat_on_display
D:2:      nicolae_overflow_crystal_walls, uniq_sigmund

Skill      XL: |  1  2  3 |
---------------+----------+-----
Fire Magic     | 4 |  4.1
Stealth        | 3 |  3.0
Dodging        | |  2.9
Spellcasting   | |  3.8
Conjurations   | |  1.8

Action                   || total
-------------------------++-------
 Cast: Flame Tongue      ||    62
       Conjure Flame     ||     1
  Eat: Chunk             ||     2
Armor: Robe              ||     1
Dodge: Dodged            ||    19

Table legend:
 A = Spawn XP
 B = Non-spawn XP
 C = Spawn XP percentage of total XP
 D = Spawn monster count
 E = Non-spawn monster count
 F = Spawn count percentage of total count
 G = Total turns spent on level
                    A         B        C        D         E        F      G
               +---------+---------+-------+---------+---------+-------+---------
         Total |       0 |      92 |   0.0 |       0 |      33 |   0.0 |  1524
               +---------+---------+-------+---------+---------+-------+---------
           D:1 |       0 |      29 |   0.0 |       0 |      18 |   0.0 |  1093
           D:2 |       0 |      63 |   0.0 |       0 |      15 |   0.0 |   431
               +---------+---------+-------+---------+---------+-------+---------
